 Dungeon Crawl Stone Soup version 0.26-a0-455-g0958c023ba (webtiles) character file.

Game seed: 14265973444327684165

135914 vurker the Bringer of Life (level 16, -5/161 HPs)
             Began as a Palentonga Wanderer on July 29, 2020.
             Was the Champion of Elyvilon.
             Slain by a demonic crawler (7 damage)
             ... on level 3 of the Spider Nest.
             The game lasted 00:52:56 (41721 turns).

vurker the Bringer of Life (Palentonga Wanderer)   Turns: 41721, Time: 00:52:56

Health: -5/161     AC:  1    Str: 31    XL:     16   Next: 65%
Magic:  20/28      EV: 14    Int: 14    God:    Elyvilon [******]
Gold:   2040       SH: 27    Dex: 23    Spells: 17/17 levels left

rFire    + . .     SeeInvis +   a - +0 broad axe
rCold    + + .     Faith    .   m - +0 tower shield
rNeg     . . .     Spirit   .   A - +0 chain mail of Articulation {rPois MR+ Str+8 Stlth-}
rPois    +         Reflect  +   G - +2 helmet
rElec    .         Harm     .   n - scarf {rC+ rF+}
rCorr    .                      P - +0 pair of fencer's gloves {Riposte Dex+3}
MR       +++..                  (boots restricted)
Stlth    ..........             l - amulet of reflection
HPRegen  0.36/turn              X - ring of Zejuzicesu {MR+ Dex+5 Slay+2}
MPRegen  0.21/turn              J - ring of Nuez {EV+4 Str+2 Dex+5}

@: corroded
A: large, hooves 1, rugged brown scales 3, see invisible, cold resistance 1,
deformed body, mutation resistance 1, robust 1, roll, armoured tail
a: Rolling Charge, Lesser Healing, Heal Other, Purification, Greater Healing,
Divine Vigour, Divine Protection, Renounce Religion


You were on level 3 of the Spider Nest.
You worshipped Elyvilon.
Elyvilon was exalted by your worship.
You visited 5 branches of the dungeon, and saw 28 of its levels.
You also visited: Gauntlet.

You collected 3168 gold pieces.
You spent 1128 gold pieces at shops.

Inventory:

Hand Weapons
 a - a +0 broad axe (weapon)
   (You took it off a tengu warrior on level 15 of the Dungeon)
Armour
 m - a +0 tower shield (worn)
   (You found it on level 2 of the Dungeon)
 n - a scarf of resistance (worn)
   (You found it on level 2 of the Spider Nest)
 A - the +0 chain mail of Articulation (worn) {rPois MR+ Str+8 Stlth-}
   (You took it off an orc on level 6 of the Dungeon)

   It affects your strength (+8).
   It protects you from poison.
   It affects your resistance to hostile enchantments.
   It makes you less stealthy.
 G - a +2 helmet (worn)
   (You found it on level 2 of the Lair of Beasts)
 P - the +0 pair of fencer's gloves (worn) {Riposte Dex+3}
   (You found it on level 12 of the Dungeon)

   It affects your dexterity (+3).
Jewellery
 l - an amulet of reflection (around neck)
   (You found it on level 2 of the Dungeon)
 C - an uncursed ring of protection from cold
   (You found it on level 8 of the Dungeon)
 J - the ring of Nuez (right hand) {EV+4 Str+2 Dex+5}
   (You took it off a minotaur in a Gauntlet)

   [ring of evasion]

   It affects your evasion (+4).
   It affects your strength (+2).
   It affects your dexterity (+5).
 L - an uncursed ring of protection from fire
   (You found it on level 5 of the Lair of Beasts)
 N - the ring "Julle Lunne" {*Slow rElec rC+ MR+ Dex+8}
   (You found it on level 5 of the Lair of Beasts)

   [ring of protection from cold]

   It affects your dexterity (+8).
   It protects you from cold.
   It insulates you from electricity.
   It affects your resistance to hostile enchantments.
   It may slow you when you take damage.
 X - the ring of Zejuzicesu (left hand) {MR+ Dex+5 Slay+2}
   (You bought it in a shop on level 2 of the Orcish Mines)

   [ring of protection from magic]

   It affects your dexterity (+5).
   It affects your accuracy and damage with ranged weapons and melee attacks
   (+2).
   It affects your resistance to hostile enchantments.
Wands
 c - a wand of disintegration (24)
   (You found it on level 5 of the Lair of Beasts)
 d - a wand of iceblast (14)
   (You found it in a Gauntlet)
 p - a wand of polymorph (37)
   (You found it on level 8 of the Dungeon)
 t - a wand of flame (53)
   (You took it off Sigmund on level 6 of the Dungeon)
 u - a wand of paralysis (10)
   (You found it on level 2 of the Dungeon)
 v - a wand of digging (11)
   (You found it on level 4 of the Dungeon)
 U - a wand of enslavement (9)
   (You took it off Urug on level 2 of the Orcish Mines)
Scrolls
 g - 7 scrolls of enchant armour
 h - 14 scrolls of remove curse
 j - 4 scrolls of blinking
 x - 5 scrolls of magic mapping
 F - 19 scrolls of teleportation
 H - 2 scrolls of fog
 K - 2 scrolls of enchant weapon
 M - a scroll of summoning
 R - 2 scrolls of fear
 S - 3 scrolls of immolation
 V - 3 scrolls of identify
 W - 3 scrolls of holy word
Potions
 b - 5 potions of ambrosia
 e - 2 potions of degeneration
 f - 5 potions of lignification
 i - 5 potions of heal wounds
 k - 3 potions of mutation
 q - a potion of curing
 r - 2 potions of flight
 s - a potion of haste
 w - 2 potions of resistance
 z - a potion of invisibility
 E - 2 potions of magic
 Q - 2 potions of stabbing
 T - 3 potions of might
Miscellaneous
 I - a lightning rod (4/4)
   (You found it in a Gauntlet)


   Skills:
 + Level 16.0 Fighting
   Level 2.0 Long Blades
 * Level 6.3 Axes
 - Level 6.3 Armour
 - Level 5.0 Dodging
 - Level 2.0 Stealth
 * Level 14.0 Shields
 - Level 1.0 Spellcasting
   Level 1.5 Summonings
 + Level 16.4 Invocations
 - Level 1.0 Evocations


You had 17 spell levels left.
You didn't know any spells.
Your spell library contained the following spells:

 Spells                   Type           Power        Failure   Level
 Summon Small Mammal      Summ           #...         58%         1
 Call Imp                 Summ           #.......     75%         2
 Animate Skeleton         Necr           #.....       80%         1
 Magic Dart               Conj           #...         80%         1
 Pain                     Necr           #...         80%         1
 Shock                    Conj/Air       #...         80%         1
 Blink                    Tloc           N/A          91%         2
 Searing Ray              Conj           #.....       91%         2
 Slow                     Hex            #.......     91%         2
 Swiftness                Air            #.......     91%         2
 Call Canine Familiar     Summ           #.......     92%         3
 Summon Guardian Golem    Hex/Summ       #.......     97%         3
 Conjure Flame            Conj/Fire      #.......     99%         3
 Dazzling Flash           Conj/Hex       #.....       99%         3
 Mephitic Cloud           Conj/Pois/Air  #.......     99%         3
 Static Discharge         Conj/Air       #.......     99%         3
 Vampiric Draining        Necr           #.........   99%         3
 Airstrike                Air            #.........   100%        4
 Animate Dead             Necr           #.........   100%        4
 Fulminant Prism          Conj/Hex       #.........   100%        4
 Iskenderun's Mystic Bla  Conj/Tloc      #.......     100%        4
 Summon Ice Beast         Ice/Summ       #.......     100%        4
 Summon Lightning Spire   Summ/Air       #.......     100%        4
 Agony                    Necr           #.......     100%        5
 Lightning Bolt           Conj/Air       #.........   100%        5


Dungeon Overview and Level Annotations

Branches:
Dungeon (15/15)            Temple (1/1) D:6            Lair (6/6) D:10
 Shoals (0/4) Lair:2       Spider (4/4) Lair:4        Slime (0/5) Lair:5
    Orc (2/2) D:12            Elf (0/3) Orc:2        Vaults (0/5) D:13
 Depths (0/5) D:15        Gauntlet (visited)

Altars:
Ashenzari
Cheibriados
Dithmenos
Elyvilon
Fedhas
Gozag
Hepliaklqana
Kikubaaqudgha
Makhleb
Nemelex Xobeh
Okawaru
Qazlal
Ru
Sif Muna
Trog
Uskayaw
Vehumet
Xom
Yredelemnul
Zin
The Shining One
Beogh

Shops:
D:4 !   Orc:2 }?=!

Annotations:
D:7 2 transporters, slayr's ghost, novice OpWz
Lair:5 exclusion: oklob plant


Innate Abilities, Weirdness & Mutations

You are completely covered in rugged brown scales. (AC +3, +7% HP)
You have supernaturally acute eyesight. (SInv)
Armour fits poorly on your strangely shaped body.
You can roll at foes to attack.
You have a long armoured tail.
You have large cloven feet.
Your flesh is cold resistant. (rC+)
You are somewhat resistant to further mutation.
You are robust. (+10% HP)


Message History

Unknown command.
Unknown command.
Heal: an entropy weaver (severely wounded, chance to pacify: 53%)
The light of Elyvilon almost touches upon the entropy weaver.
You block the entropy weaver's attack. x2
The entropy weaver barely misses you. You block the entropy weaver's attack.
The demonic crawler closely misses you. The demonic crawler misses you.
You block the demonic crawler's attack.
Unknown command.
You are healed.
You block the entropy weaver's attack. x2
The entropy weaver hits you.
* * * LOW HITPOINT WARNING * * *
You block the entropy weaver's attack. The demonic crawler hits you.
* * * LOW HITPOINT WARNING * * *
You block the demonic crawler's attack. The demonic crawler hits you!
* * * LOW HITPOINT WARNING * * *
Unknown command.
Unknown command.
Heal: an entropy weaver (severely wounded, chance to pacify: 53%)
The light of Elyvilon fails to reach the entropy weaver.
The demonic crawler hits you.
* * * LOW HITPOINT WARNING * * *
You block the demonic crawler's attack. The demonic crawler misses you.
The entropy weaver gestures wildly while chanting.
The entropic weave corrodes you! You block the demonic crawler's attack.
The demonic crawler closely misses you. x2; The entropy weaver hits you!
* * * LOW HITPOINT WARNING * * *
The entropy weaver hits you.
* * * LOW HITPOINT WARNING * * *
You block the entropy weaver's attack. The entropy weaver hits you!
* * * LOW HITPOINT WARNING * * *
Unknown command.
Unknown command.
Heal: an entropy weaver (severely wounded, chance to pacify: 53%)
The entropy weaver turns neutral.
You heal the entropy weaver.
The demonic crawler closely misses you.
You block the demonic crawler's attack. x2
You hit the demonic crawler.
You kick the demonic crawler, but do no damage.
You block the demonic crawler's attack. x2; The demonic crawler hits you!
* * * LOW HITPOINT WARNING * * *
The demonic crawler misses you.
You block the demonic crawler's attack. x2
Unknown command.
You hit the demonic crawler.
You kick the demonic crawler, but do no damage.
You block the demonic crawler's attack. x2
The demonic crawler barely misses you.
You hit the demonic crawler.
You kick the demonic crawler, but do no damage.
You block the demonic crawler's attack. The demonic crawler hits you!
You die...

#............######........# .#
#.............##.^..#.....## .
........(.....###...#......#
.........................^##
.......................^.....
........^.....................
.............^....#........##.#
................s.#.....#### #
................@.....###
...................^..#.#
...........>^#...##....^##
........<..^...###^......#
..............###........#
........^##.###....#....#.#
....###.######...^...†.....#
...## ### ###..#....^.^## ..##
#≈≈##......##


You could see a demonic crawler.

Vanquished Creatures
  Arachne (Spider:2)
  Rupert (Orc:2)
  Kirke (Spider:2)
  An emperor scorpion (Spider:2)
  A frost giant (shapeshifter) (D:15)
  Nessos (D:12)
  A minotaur (Gauntlet)
  Snorg (D:14)
  An ettin (shapeshifter) (D:15)
  8 vault guards (D:13)
  An anaconda (shapeshifter) (D:15)
  2 catoblepae
  A centaur warrior (D:15)
  5 death yaks
  A two-headed ogre (D:14)
  3 tengu warriors
  Urug (Orc:2)
  5 orc high priests
  Nergalle (Orc:1)
  An iron troll (shapeshifter) (D:11)
  An unseen horror (D:14)
  A wizard (D:14)
  A lindwurm (Lair:4)
  2 orc knights
  Pikel (D:4)
  7 orb spiders
  16 wolf spiders
  7 ugly things
  2 orc sorcerers (Orc:2)
  2 deep elf magi
  3 manticores
  2 cyclopes
  4 elephants
  3 centaur zombies
  Psyche (D:10)
  5 black mambas
  Joseph (D:8)
  4 torpor snails
  2 gargoyles
  25 cane toads
  13 komodo dragons
  A redback zombie (D:15)
  A yaktaur (D:11)
  Maggie (D:6)
  3 rime drakes
  6 demonic crawlers
  An efreet (D:13)
  A queen bee (Spider:2)
  A tengu conjurer (D:15)
  A meliai (shapeshifter) (D:15)
  5 hornets
  6 meliai
  8 trolls
  3 tyrant leeches
  20 jumping spiders
  4 slime creatures
  22 blink frogs
  15 hippogriffs
  12 dream sheep
  4 flying skulls (Gauntlet)
  4 wraiths
  Sigmund (D:6)
  47 redbacks
  16 tarantellas
  5 shadows
  8 wyverns (D:14)
  33 yaks
  3 vampires
  A hog (Spider:2)
  6 basilisks
  A golden eye (shapeshifter) (D:15)
  Grum (D:8)
  13 vampire mosquitoes
  A steam dragon (D:11)
  3 wargs (Orc:1)
  14 water moccasins
  2 hell hounds (D:14)
  10 porcupines
  37 orc warriors
  A hornet zombie (D:7)
  6 ice beasts
  4 black bears
  4 phantoms
  2 necrophages
  3 sky beasts
  2 eyes of draining
  8 wolves
  4 boggarts (D:15)
  11 ogres
  19 centaurs
  14 crocodiles
  7 big kobolds
  26 bullfrogs
  A gnoll sergeant (Orc:2)
  A water moccasin skeleton (D:5)
  A scorpion (D:7)
  23 killer bees
  A howler monkey (D:4)
  24 wights
  4 electric eels
  2 bullfrog zombies
  A quasit (D:5)
  2 bullfrog skeletons
  5 hounds
  36 orc priests
  Crazy Yiuf (D:7)
  3 jellies
  46 orc wizards
  4 centaur skeletons
  5 iguanas
  6 worker ants
  A killer bee zombie (D:7)
  A hound zombie (D:10)
  3 worker ant zombies
  9 adders
  2 shadow imps
  2 white imps
  4 ufetubi
  An ooze (D:4)
  2 adder skeletons
  An adder zombie (D:8)
  3 worms
  A dart slug (D:3)
  3 leopard geckos
  92 orcs
  2 ball pythons
  4 bats
  5 giant cockroaches
  8 goblins
  4 hobgoblins
  7 jackals
  6 quokkas
  3 frilled lizards
  A jackal skeleton (D:4)
  28 kobolds
  A leopard gecko skeleton (D:4)
  9 rats
  A spectral orc (D:3)
943 creatures vanquished.

Vanquished Creatures (others)
  A centaur warrior (D:11)
  A wizard (D:11)
  An unseen horror (D:11)
  A cane toad (Lair:6)
  A tyrant leech (Lair:6)
  4 humans (Spider:3)
  A boggart (D:15)
  2 kobolds (D:11)
  15 fungi
  41 plants
68 creatures vanquished.

Grand Total: 1011 creatures vanquished

Notes
Turn   | Place    | Note
-------+----------+-------------------------------------------
     0 | D:1      | vurker the Palentonga Wanderer began the quest for the Orb.
     0 | D:1      | vurker set off with the following items: a +0 falchion, a
                  | scroll of teleportation, a +0 robe, a +0 dagger; and the
                  | following spell memorised: Summon Small Mammal; and the
                  | following spells available to memorise: Call Imp, Call
                  | Canine Familiar, Summon Guardian Golem, Summon Ice Beast,
                  | Summon Lightning Spire
     0 | D:1      | Reached XP level 1. HP: 13/13 MP: 2/2
    82 | D:1      | Reached skill level 1 in Fighting
   537 | D:1      | Reached XP level 2. HP: 22/23 MP: 3/3
  1033 | D:2      | Reached XP level 3. HP: 21/29 MP: 4/4
  1331 | D:2      | Found a glowing golden altar of the Shining One.
  1789 | D:2      | Reached XP level 4. HP: 6/37 MP: 5/5
  2496 | D:3      | Found a basalt altar of Yredelemnul.
  2570 | D:4      | Reached XP level 5. HP: 36/44 MP: 6/6
  2577 | D:4      | Found Wenk's Distillery.
  2692 | D:4      | Reached XP level 6. HP: 16/52 MP: 7/7
  2796 | D:4      | Bought a potion of might for 56 gold pieces
  3053 | D:4      | Reached skill level 5 in Fighting
  3307 | D:4      | Found a white marble altar of Elyvilon.
  3331 | D:4      | Reached XP level 7. HP: 55/59 MP: 8/8
  3880 | D:4      | Found a snail-covered altar of Cheibriados.
  3960 | D:5      | Entered Level 5 of the Dungeon
  4168 | D:4      | Became a worshipper of Elyvilon the Healer
  4210 | D:5      | Noticed Pikel
  4242 | D:4      | Killed Pikel
  4242 | D:4      | Reached skill level 5 in Shields
  4242 | D:4      | Reached XP level 8. HP: 34/69 MP: 8/10
  4908 | D:5      | Found a sparkling altar of Nemelex Xobeh.
  4912 | D:5      | Found a stormy altar of Qazlal.
  4926 | D:5      | Found a glowing silver altar of Zin.
  4936 | D:5      | Found a radiant altar of Vehumet.
  5122 | D:6      | Found a staircase to the Ecumenical Temple.
  5142 | Temple   | Entered the Ecumenical Temple
  5277 | D:6      | Reached * piety under Elyvilon
  5305 | D:6      | Noticed Maggie
  5334 | D:6      | Killed Maggie
  5334 | D:6      | Reached skill level 5 in Invocations
  5648 | D:5      | Reached XP level 9. HP: 17/79 MP: 4/12
  5941 | D:6      | Found a shattered altar of Ashenzari.
  6250 | D:6      | Noticed Sigmund
  6266 | D:6      | Killed Sigmund
  6447 | D:6      | Found a stormy altar of Qazlal.
  6556 | D:6      | Identified the +0 chain mail of Articulation {rPois MR+
                  | Str+8 Stlth-}
  6662 | D:7      | Found a transporter.
  6713 | D:7      | Noticed a moth of wrath
  6714 | D:7      | Noticed slayr's ghost (novice OpWz)
  7050 | D:7      | Found a transporter.
  7284 | D:7      | Reached ** piety under Elyvilon
  7463 | D:7      | Found an ancient bone altar of Kikubaaqudgha.
  7464 | D:7      | Found a blossoming altar of Fedhas.
  7887 | D:7      | Found a runed translucent door.
  7888 | D:7      | Noticed Crazy Yiuf
  8293 | D:7      | Killed Crazy Yiuf
  8459 | D:8      | Reached *** piety under Elyvilon
  8633 | D:8      | Reached XP level 10. HP: 86/88 MP: 5/15
  8755 | D:8      | Noticed Joseph
  8765 | D:8      | Killed Joseph
  8848 | D:8      | Found a hazy altar of Hepliaklqana.
  8995 | D:8      | Noticed Grum
  9017 | D:8      | Killed Grum
 10192 | D:9      | Reached skill level 10 in Fighting
 10662 | D:10     | Entered Level 10 of the Dungeon
 10663 | D:10     | Noticed a cyan ugly thing
 11148 | D:10     | Killed a cyan ugly thing
 11415 | D:10     | Identified the +10 falchion of Armageddon {vorpal, Int+4
                  | SInv}
 11431 | D:10     | Reached XP level 11. HP: 76/98 MP: 6/18
 11518 | D:10     | Reached **** piety under Elyvilon
 11562 | D:10     | Noticed Psyche
 12425 | D:10     | Killed Psyche
 12631 | D:10     | Found a staircase to the Lair.
 12878 | D:11     | Noticed a deep elf mage
 12889 | D:11     | Noticed a centaur warrior
 12890 | D:11     | Killed a deep elf mage
 12890 | D:11     | Reached skill level 10 in Invocations
 12892 | D:11     | Noticed a wizard
 12900 | D:11     | Pacified a centaur warrior
 12903 | D:11     | Killed a wizard
 12907 | D:11     | Killed a centaur warrior
 13255 | D:11     | Noticed an unseen horror
 13264 | D:11     | Killed an unseen horror
 13338 | D:11     | Identified the +2 hunting sling of Gent {venom, rN+ Int+3
                  | Dex+2}
 13338 | D:11     | Identified the cursed +0 plate armour "Moubig" {Str+4}
 13897 | D:11     | Got an iridescent scythe
 13901 | D:11     | Noticed an iron troll
 13917 | D:11     | Elyvilon protects you from harm!
 13918 | D:11     | Killed an iron troll
 14576 | Lair:1   | Entered Level 1 of the Lair of Beasts
 14576 | Lair:1   | Found a radiant altar of Vehumet.
 14777 | Lair:1   | Reached XP level 12. HP: 83/109 MP: 20/20
 15403 | Lair:1   | Reached skill level 10 in Shields
 15733 | Lair:2   | Reached ***** piety under Elyvilon
 15983 | Lair:2   | Noticed an eight-headed hydra
 15990 | Lair:2   | Pacified a ten-headed hydra
 16411 | Lair:2   | Found a staircase to the Shoals.
 17798 | Lair:4   | Found a gate leading to a gauntlet.
 17809 | Gauntlet | Entered a Gauntlet
 17809 | Gauntlet | Found a transporter.
 17809 | Gauntlet | Found a transporter.
 17813 | Gauntlet | Found a transporter.
 17813 | Gauntlet | Found a transporter.
 17823 | Gauntlet | Found a transporter.
 17833 | Gauntlet | Found a transporter.
 17833 | Gauntlet | Found a transporter.
 17833 | Gauntlet | Noticed a dire elephant
 17836 | Gauntlet | Found a transporter.
 17839 | Gauntlet | Found a transporter.
 17873 | Gauntlet | Found a transporter.
 17880 | Gauntlet | Found a transporter.
 17881 | Gauntlet | Reached ****** piety under Elyvilon
 17906 | Gauntlet | Found a transporter.
 17926 | Gauntlet | Found a transporter.
 17972 | Gauntlet | Found a transporter.
 17986 | Gauntlet | Found a transporter.
 18086 | Gauntlet | Found a transporter.
 18196 | Gauntlet | Reached skill level 1 in Dodging
 18200 | Gauntlet | Reached skill level 1 in Armour
 18365 | Gauntlet | Pacified a dire elephant
 18440 | Gauntlet | Identified the ring of Nuez {EV+4 Str+2 Dex+5}
 18440 | Gauntlet | Noticed a minotaur
 18461 | Gauntlet | Elyvilon protects you from harm!
 18462 | Gauntlet | Killed a minotaur
 18811 | Gauntlet | Got a distressingly furry leather armour
 19328 | Lair:4   | Found a hole to the Spider Nest.
 19912 | Lair:5   | Reached XP level 13. HP: 80/116 MP: 22/22
 21404 | Lair:5   | Got a fine lead ring
 21405 | Lair:5   | Identified the ring "Julle Lunne" {*Slow rElec rC+ MR+
                  | Dex+8} (You found it on level 5 of the Lair of Beasts)
 21461 | Lair:5   | Found a staircase to the Slime Pits.
 22571 | Lair:6   | Entered Level 6 of the Lair of Beasts
 23296 | Lair:6   | Reached XP level 14. HP: 89/127 MP: 24/24
 24808 | D:12     | Found the +0 pair of fencer's gloves {Riposte Dex+3}
 25077 | D:12     | Noticed Nessos
 25079 | D:12     | Killed Nessos
 25536 | D:12     | Found a staircase to the Orcish Mines.
 25898 | Orc:1    | Entered Level 1 of the Orcish Mines
 26022 | Orc:2    | Entered Level 2 of the Orcish Mines
 26390 | Orc:2    | Found a staircase to the Elven Halls.
 26636 | Orc:1    | Noticed Nergalle
 26653 | Orc:1    | Killed Nergalle
 26868 | Orc:1    | Found a roughly hewn altar of Beogh.
 26876 | Orc:1    | Gained mutation: You occasionally shout uncontrollably at
                  | your foes. [a neqoxec]
 27101 | Orc:1    | Lost mutation: You occasionally shout uncontrollably at
                  | your foes. [potion of mutation]
 27101 | Orc:1    | Gained mutation: You have large cloven feet. [potion of
                  | mutation]
 27101 | Orc:1    | Gained mutation: Your flesh is cold resistant. (rC+)
                  | [potion of mutation]
 27101 | Orc:1    | Gained mutation: You are robust. (+10% HP) [potion of
                  | mutation]
 27101 | Orc:1    | Gained mutation: You are somewhat resistant to further
                  | mutation. [potion of mutation]
 27495 | Orc:2    | Found Zotijiz's Gadget Boutique.
 27495 | Orc:2    | Found Zaggaocw's Distillery.
 27495 | Orc:2    | Found Ziemozil's Jewellery Shop.
 27683 | Orc:2    | Found Haaconu's Magic Scroll Boutique.
 27686 | Orc:2    | Bought a scroll of teleportation for 36 gold pieces
 27687 | Orc:2    | Bought a potion of might for 52 gold pieces
 27687 | Orc:2    | Bought a potion of might for 52 gold pieces
 27687 | Orc:2    | Bought a potion of heal wounds for 65 gold pieces
 27687 | Orc:2    | Bought a potion of mutation for 104 gold pieces
 27826 | Orc:2    | Noticed Rupert
 27843 | Orc:2    | Killed Rupert
 27898 | Orc:2    | Noticed Urug
 27913 | Orc:2    | Killed Urug
 27917 | Orc:2    | Reached skill level 5 in Dodging
 28788 | D:13     | Found a gate to the Vaults.
 28801 | D:13     | Reached skill level 5 in Armour
 28813 | D:13     | Reached XP level 15. HP: 118/148 MP: 26/26
 29261 | D:13     | Reached skill level 15 in Invocations
 30168 | Orc:2    | Bought the ring of Zejuzicesu {MR+ Dex+5 Slay+2} for 763
                  | gold pieces
 30296 | D:13     | Reached skill level 15 in Fighting
 31551 | D:14     | Noticed Snorg
 31560 | D:14     | Killed Snorg
 31967 | D:15     | Entered Level 15 of the Dungeon
 33348 | D:15     | Noticed a storm dragon
 33348 | D:15     | a minotaur changed into a storm dragon
 33349 | D:15     | a storm dragon changed into a dire elephant
 33352 | D:15     | Noticed a fire giant
 33352 | D:15     | a dire elephant changed into a fire giant
 33354 | D:15     | Noticed a golden dragon
 33354 | D:15     | a fire giant changed into a golden dragon
 33355 | D:15     | Noticed a shadow dragon
 33355 | D:15     | a golden dragon changed into a shadow dragon
 33357 | D:15     | Noticed an iron dragon
 33357 | D:15     | a shadow dragon changed into an iron dragon
 33359 | D:15     | Noticed an iron giant
 33359 | D:15     | an iron dragon changed into an iron giant
 33360 | D:15     | Noticed a fire giant
 33360 | D:15     | an iron giant changed into a fire giant
 33364 | D:15     | a fire giant changed into an alligator snapping turtle
 33365 | D:15     | Noticed an azure jelly
 33365 | D:15     | an alligator snapping turtle changed into an azure jelly
 33373 | D:15     | an azure jelly changed into a death yak
 33928 | D:15     | Found a staircase to the Depths.
 33938 | D:15     | Reached skill level 1 in Axes
 34328 | D:15     | Noticed a sphinx
 34333 | D:15     | Noticed a frost giant
 34333 | D:15     | a sphinx changed into a frost giant
 34344 | D:15     | Killed a frost giant
 34948 | D:15     | Found a staircase to the Depths.
 35253 | Spider:1 | Entered Level 1 of the Spider Nest
 35357 | Spider:1 | You fall into a shaft and drop 1 floor!
 35773 | Spider:1 | Reached XP level 16. HP: 130/159 MP: 27/27
 38909 | Spider:2 | Paralysed by a hornet for 2 turns
 39084 | Spider:2 | Reached skill level 5 in Axes
 39490 | Spider:3 | Noticed Kirke
 39492 | Spider:3 | Noticed Arachne
 39517 | Spider:2 | Killed Kirke
 40497 | Spider:2 | Killed Arachne
 41302 | Spider:4 | Entered Level 4 of the Spider Nest
 41717 | Spider:3 | HP: 8/161 [entropy weaver (16)]
 41719 | Spider:3 | HP: 1/161 [demonic crawler (8)]
 41721 | Spider:3 | Slain by a demonic crawler

Illustrated notes

Levels and vault maps discovered:
D:1:      ebering_hopf_link, layout_basic, chequers_serial_rivers_micro_b
D:2:      layout_rooms, tso_altar, kennysheep_generic_room_3
D:3:      layout_rooms, yredelemnul_forgotten_temple_becter, minivault_26
D:4:      layout_rooms, elyvilon_altar_3, lemuel_coloured_pillars_altar,
          serial_shops, shop
D:5:      layout_basic, grunt_temple_overflow_cloverleaf, uniq_pikel
D:6:      layout_basic, nicolae_overflow_crystal_walls,
          nicolae_overflow_hidden_temple, minmay_temple_entry_statues_pillars,
          grunt_qazlal_clouds, uniq_maggie, uniq_sigmund
D:7:      layout_basic, grunt_temple_overflow_growth_and_decay,
          gammafunk_ghost_berserking_beasts, uniq_crazy_yiuf_cottage
D:8:      layout_loops_ring, kennysheep_little_box, uniq_joseph, uniq_grum
D:9:      layout_loops_ring, kennysheep_generic_room_10
D:10:     layout_loops_cross, lair_entry_dummy, item_on_display_a, uniq_psyche
D:11:     minmay_the_grid_triangle_9x9_rhombus_full_mashed
          [minmay_the_grid_triangle_9x9_minimal,
          minmay_the_grid_triangle_9x9_swiss_cheese,
          minmay_the_grid_triangle_9x9_sprig,
          minmay_the_grid_triangle_9x9_intruding_spiral,
          minmay_the_grid_triangle_9x9_cache,
          minmay_the_grid_triangle_9x9_odd_lines,
          minmay_the_grid_triangle_9x9_checkered,
          minmay_the_grid_triangle_9x9_prize_center], layout_loops_cross
D:12:     layout_long_grid, david_orc_4, eino_small_chamber_without_monster,
          uniq_nessos
D:13:     layout_roguey, erik_vaults_2, grunt_ministairs_13
D:14:     layout_roguey, special_room [special_room_mythical_zoo],
          corexii_hall_statues_i, uniq_snorg
D:15:     gammafunk_enter_depths_forms, layout_cave_pods, special_room
          [special_room_orc]
Temple:   nicolae_temple_figure_zero
Lair:1:   layout_roguey, basic_altar
Lair:2:   layout_regular_city, minmay_shoals_entry_beasts
Lair:3:   layout_cave_pods, infiniplex_staircase_pool_2, serial_bayou_shore_a
Lair:4:   layout_regular_city, spider_nest_entry_webs, gauntlet_entry_generic,
          minivault_26
Lair:5:   layout_roguey, minmay_slime_entry_oklob_open, nzn_random_ring
Lair:6:   minmay_lair_end_frog_pond, layout_long_grid
Spider:1: layout_spider_delve, nicolae_spider_nook
Spider:2: layout_spider_delve, special_room [special_room_bee]
Spider:3: layout_spider_delve, guppyfry_hornet_nest, uniq_kirke, uniq_arachne
Spider:4: guppyfry_spider_rune, drop_trap
Orc:1:    layout_diamond_mine, kennysheep_orc_chapel, uniq_nergalle
Orc:2:    st_orc_mages, layout_caves, sword_in_stone, uniq_rupert

Skill      XL: |  1  2  3  4  5  6  7  8  9 10 11 12 13 14 15 16 |
---------------+-------------------------------------------------+-----
Fighting       | 1 2 3 4 5 6 7 9 10 11 12 13 14 15 16 | 16.0
Shields        | 2 3 4 5 6 7 8 9 10 11 12 13 14 | 14.0
Invocations    | 2 5 7 9 11 12 13 14 15 16 | 16.4
Dodging        | 2 3 5 |  5.0
Armour         | 2 3 5 6 |  6.3
Axes           | 2 6 |  6.3
Long Blades    | |  2.0
Stealth        | |  2.0
Spellcasting   | |  1.0
Summonings     | |  1.5
Evocations     | |  1.0

Action                   |  1- 3 |  4- 6 |  7- 9 | 10-12 | 13-15 | 16-18 || total
-------------------------+-------+-------+-------+-------+-------+-------++-------
Melee: Falchion          |    26 |       |       |   429 |  1213 |       ||  1668
       Tailslap          |     8 |    16 |    46 |   119 |   388 |    94 ||   671
       Mace              |    53 |   117 |   146 |       |       |       ||   316
       Scimitar          |       |       |   190 |   273 |       |       ||   463
       Kick              |       |       |       |       |   419 |   223 ||   642
       Broad axe         |       |       |       |       |   222 |   313 ||   535
       Unarmed           |       |       |       |       |       |     6 ||     6
Invok: Lesser Healing    |       |       |     1 |     2 |       |       ||     3
       Divine Protection |       |       |     1 |       |       |       ||     1
       Heal Other        |       |       |       |     8 |     9 |     8 ||    25
       Greater Healing   |       |       |       |       |     9 |     6 ||    15
 Abil: Rolling Charge    |       |       |       |     1 |       |       ||     1
Evoke: Wand              |       |       |       |     4 |       |     7 ||    11
       Phantom mirror    |       |       |       |     2 |       |       ||     2
       Lightning rod     |       |       |       |     4 |       |       ||     4
  Use: Scroll            |     6 |     3 |     9 |    12 |     4 |     1 ||    35
       Potion            |       |     1 |     4 |     2 |     1 |     7 ||    15
 Stab: Sleeping          |       |     1 |     1 |       |       |       ||     2
       Distracted        |       |       |       |       |     1 |       ||     1
Armor: Robe              |    34 |     3 |       |       |       |       ||    37
       Ring mail         |       |    39 |    89 |       |       |       ||   128
       Acid dragon scale |       |       |    37 |       |       |       ||    37
       Chain mail        |       |       |    33 |   246 |   341 |   239 ||   859
Dodge: Dodged            |    26 |    16 |    45 |   113 |   432 |   379 ||  1011
Block: Other             |     7 |       |       |       |       |     2 ||     9
       Tower shield      |    19 |   116 |   413 |   888 |  2083 |   822 ||  4341
       Reflection        |     2 |     4 |    10 |    27 |    46 |     6 ||    95
       Rpst.: Falchion   |     2 |       |       |    25 |    96 |       ||   123
       Scimitar          |       |       |     4 |    10 |       |       ||    14
       Broad axe         |       |       |       |       |    20 |    56 ||    76

Table legend: (Time is in decaauts)
 A = Elapsed time spent in this place.
 B = Non-inter-level travel time spent in this place.
 C = Inter-level travel time spent in this place.
 D = Time resting spent in this place.
 E = Time spent auto-exploring this place.
 F = Levels seen in this place.
 G = Mean time per level.
                   A        B        C        D        E       F      G
               +--------+--------+--------+--------+--------+-----+--------+
         Total |  42838 |  40848 |   1990 |   3853 |  29708 |  29 | 1477.2 |
       Dungeon |  22775 |  21405 |   1370 |    901 |  16604 |  15 | 1518.3 |
        Temple |    126 |    117 |      9 |      0 |    116 |   1 |  126.0 |
          Lair |   9286 |   8945 |    341 |    784 |   6658 |   6 | 1547.7 |
   Spider Nest |   6665 |   6569 |     96 |   2168 |   3441 |   4 | 1666.2 |
  Orcish Mines |   2969 |   2797 |    172 |      0 |   2089 |   2 | 1484.5 |
      Gauntlet |   1013 |   1013 |      0 |      0 |    799 |   1 | 1013.0 |
               +--------+--------+--------+--------+--------+-----+--------+

Top non-repeatable levels by time:
Spider:1: 3286 daAuts
    D:15: 3219 daAuts
  Lair:5: 2985 daAuts
Spider:2: 2979 daAuts
    D:13: 2067 daAuts
    D:10: 1839 daAuts
   Orc:2: 1798 daAuts
     D:7: 1765 daAuts
     D:4: 1764 daAuts
    D:11: 1619 daAuts
     D:8: 1541 daAuts
  Lair:4: 1527 daAuts
     D:9: 1454 daAuts
  Lair:6: 1407 daAuts
    D:12: 1403 daAuts
